BLB
BALTIMORE BULLDOGS @ LOS ANGELES DINOS
04/09/2060
 
TOP OF THE 1ST
Baltimore Bulldogs batting - Pitching for Los Angeles Dinos : RHP Conner Flowers
Pitching: RHP Conner Flowers
Batting: RHB Joseph Olsen 0-0: Foul Ball, location: 2F
0-1: Ground out 5-3 (Groundball, 56, EV 101.9 MPH)
Batting: LHB Justin Castiglioni 0-0: Ball
1-0: Called Strike
1-1: Swinging Strike
1-2: Foul Ball, location: 2F
1-2: Strikes out swinging
Batting: SHB Val Schmit 0-0: Called Strike
0-1: Swinging Strike
0-2: Foul Ball, location: 2F
0-2: Foul Ball, location: 2F
0-2: Fly out, F8 (Flyball, 78M, EV 88.1 MPH)
Top of the 1st over - 0 runs, 0 hits, 0 errors, 0 left on base; Baltimore 0 - Los Angeles 0
BOTTOM OF THE 1ST
Los Angeles Dinos batting - Pitching for Baltimore Bulldogs : LHP B.J. Armour
Pitching: LHP B.J. Armour
Batting: RHB Efren Zamora 0-0: Called Strike
0-1: Swinging Strike
0-2: Ground out 6-3 (Groundball, 6, EV 91.9 MPH)
Batting: RHB Andy Dillon 0-0: Ball
1-0: Ball
2-0: Ball
3-0: Called Strike
3-1: Foul Ball, location: 2F
3-2: DOUBLE (Line Drive, 8RXD, EV 103.8 MPH)
Batting: RHB Rob Detling 0-0: Ball
1-0: Foul Ball, location: 2F
1-1: Called Strike
1-2: Foul Ball, location: 2F
1-2: Ball
2-2: Strikes out looking
Batting: LHB Tris Chikumbu 0-0: Ball
1-0: Called Strike
1-1: Swinging Strike
1-2: Foul Ball, location: 2F
1-2: Ball
2-2: Ball
3-2: SINGLE (Line Drive, 7LS, EV 110.0 MPH)
Andy Dillon to third
Batting: RHB Vince Cox 0-0: Ball
1-0: Fly out, F8 (Flyball, 8RD, EV 99.4 MPH)
Bottom of the 1st over - 0 runs, 2 hits, 0 errors, 2 left on base; Baltimore 0 - Los Angeles 0
TOP OF THE 2ND
Baltimore Bulldogs batting - Pitching for Los Angeles Dinos : RHP Conner Flowers
Batting: LHB Andy Wulfeck 0-0: Called Strike
0-1: Foul Ball, location: 2F
0-2: Ball
1-2: Ball
2-2: Ball
3-2: Foul Ball, location: 2F
3-2: Ground out 4-3 (Groundball, 34, EV 97.5 MPH)
Batting: LHB Owen Keimig 0-0: Hit by Pitch
Batting: RHB Kyle Dodiry 0-0: Ball
Owen Keimig steals 2nd base
1-0: Ball
2-0: Called Strike
2-1: Foul Ball, location: 2F
2-2: Strikes out swinging
Batting: LHB Shan Waseem 0-0: Ball
1-0: Ball
2-0: Called Strike
2-1: Foul Ball, location: 2F
2-2: Foul Ball, location: 2F
2-2: Ground out 4-3 (Groundball, 4, EV 85.0 MPH)
Top of the 2nd over - 0 runs, 0 hits, 0 errors, 1 left on base; Baltimore 0 - Los Angeles 0
BOTTOM OF THE 2ND
Los Angeles Dinos batting - Pitching for Baltimore Bulldogs : LHP B.J. Armour
Batting: RHB Wyatt Steinauer 0-0: Ball
1-0: Ball
2-0: SINGLE (Groundball, 6S, EV 69.4 MPH) (infield hit)
Batting: RHB Derick Murphy 0-0: Swinging Strike
0-1: Foul Ball, location: 2F
0-2: Foul Ball, location: 2F
0-2: Ball
1-2: Ground out 5-3 (Groundball, 56S, EV 71.2 MPH)
Wyatt Steinauer to second
Batting: RHB Jahmel Ortiz 0-0: Ground out 6-3 (Groundball, 6M, EV 103.1 MPH)
Wyatt Steinauer to third
Batting: LHB Shawn Hickey 0-0: Called Strike
0-1: Fly out, F4 (Line Drive, 4, EV 65.6 MPH)
Bottom of the 2nd over - 0 runs, 1 hit, 0 errors, 1 left on base; Baltimore 0 - Los Angeles 0
TOP OF THE 3RD
Baltimore Bulldogs batting - Pitching for Los Angeles Dinos : RHP Conner Flowers
Batting: RHB Stephen Cuff 0-0: Swinging Strike
0-1: Ball
1-1: Fly out, F8 (Flyball, 8LM, EV 98.1 MPH)
Batting: RHB James Hylton 0-0: Ball
1-0: Called Strike
1-1: Foul Ball, location: 2F
1-2: Ball
2-2: Foul Ball, location: 2F
2-2: Foul Ball, location: 2F
2-2: Ground out U3 (Groundball, 13, EV 85.6 MPH)
Batting: RHB Joseph Olsen 0-0: Ball
1-0: Fly out, F9 (Flyball, 9, EV 80.6 MPH)
Top of the 3rd over - 0 runs, 0 hits, 0 errors, 0 left on base; Baltimore 0 - Los Angeles 0
BOTTOM OF THE 3RD
Los Angeles Dinos batting - Pitching for Baltimore Bulldogs : LHP B.J. Armour
Batting: RHB Efren Zamora 0-0: Ball
1-0: Ball
2-0: Swinging Strike
2-1: Ball
3-1: Called Strike
3-2: Foul Ball, location: 2F
3-2: Foul Ball, location: 2F
3-2: Foul Ball, location: 2F
3-2: Foul Ball, location: 2F
3-2: Base on Balls
Batting: RHB Andy Dillon 0-0: Ball
Efren Zamora is caught stealing 2nd base 2-4
1-0: Ball
2-0: Ball
3-0: Foul Ball, location: 2F
3-1: Foul Ball, location: 2F
3-2: SINGLE (Groundball, 6MD, EV 95.0 MPH)
Batting: RHB Rob Detling 0-0: Swinging Strike
0-1: Foul Ball, location: 2F
0-2: Strikes out swinging
Batting: LHB Tris Chikumbu 0-0: Called Strike
0-1: Swinging Strike
0-2: Ball
1-2: Strikes out swinging
Bottom of the 3rd over - 0 runs, 1 hit, 0 errors, 1 left on base; Baltimore 0 - Los Angeles 0
TOP OF THE 4TH
Baltimore Bulldogs batting - Pitching for Los Angeles Dinos : RHP Conner Flowers
Batting: LHB Justin Castiglioni 0-0: Called Strike
0-1: Called Strike
0-2: Ball
1-2: Foul Ball, location: 2F
1-2: Ball
2-2: Foul Ball, location: 2F
2-2: Ball
3-2: Fly out, F8 (Flyball, 78S, EV 88.1 MPH)
Batting: SHB Val Schmit 0-0: Called Strike
0-1: Ball
1-1: Foul Ball, location: 2F
1-2: Foul Ball, location: 2F
1-2: Ball
2-2: Ball
3-2: Strikes out swinging, 2-3 out at first.
Batting: LHB Andy Wulfeck 0-0: Fly out, F6 (Popup, 6MS, EV 75.6 MPH)
Top of the 4th over - 0 runs, 0 hits, 0 errors, 0 left on base; Baltimore 0 - Los Angeles 0
BOTTOM OF THE 4TH
Los Angeles Dinos batting - Pitching for Baltimore Bulldogs : LHP B.J. Armour
Batting: RHB Vince Cox 0-0: Called Strike
0-1: SINGLE (Flyball, 4D, EV 88.1 MPH)
Batting: RHB Wyatt Steinauer 0-0: Called Strike
0-1: Ball
1-1: Ground out 5-3 (Groundball, 56S, EV 68.1 MPH)
Vince Cox to second
Batting: RHB Derick Murphy 0-0: Ball
1-0: Called Strike
1-1: SINGLE (Line Drive, 7LS, EV 91.9 MPH)
Vince Cox to third
Runner from 3rd tries for Home, throw by LF and OUT! 7-2
Batting: RHB Jahmel Ortiz 0-0: Called Strike
0-1: Ball
1-1: Called Strike
1-2: Foul Ball, location: 2F
1-2: Foul Ball, location: 2F
1-2: Ball
2-2: Foul Ball, location: 2F
2-2: Ball
3-2: Base on Balls
Derick Murphy to second
Batting: LHB Shawn Hickey 0-0: Called Strike
0-1: Called Strike
0-2: Ball
1-2: Foul Ball, location: 2F
1-2: Fielders Choice at 2nd, 6-4 (Groundball, 6, EV 87.5 MPH)
Bottom of the 4th over - 0 runs, 2 hits, 0 errors, 2 left on base; Baltimore 0 - Los Angeles 0
TOP OF THE 5TH
Baltimore Bulldogs batting - Pitching for Los Angeles Dinos : RHP Conner Flowers
Batting: LHB Owen Keimig 0-0: Called Strike
0-1: Ball
1-1: Ball
2-1: Called Strike
2-2: Fly out, F7 (Flyball, 7S, EV 91.2 MPH)
Batting: RHB Kyle Dodiry 0-0: Ball
1-0: Ball
2-0: Ball
3-0: Called Strike
3-1: Base on Balls
Batting: LHB Shan Waseem 0-0: Foul Ball, location: 2F
0-1: Foul Ball, location: 2F
0-2: Grounds into double play, 4-6-3 (Groundball, 4, EV 100.0 MPH)
Top of the 5th over - 0 runs, 0 hits, 0 errors, 0 left on base; Baltimore 0 - Los Angeles 0
BOTTOM OF THE 5TH
Los Angeles Dinos batting - Pitching for Baltimore Bulldogs : LHP B.J. Armour
Batting: RHB Efren Zamora 0-0: Foul Ball, location: 2F
0-1: Ground out 6-3 (Groundball, 6, EV 107.5 MPH)
Batting: RHB Andy Dillon 0-0: Foul Ball, location: 2F
0-1: Foul Ball, location: 2F
0-2: Foul Ball, location: 2F
0-2: Ball
1-2: Fly out, F8 (Flyball, 8RXD, EV 104.4 MPH)
Batting: RHB Rob Detling 0-0: Ball
1-0: SINGLE (Groundball, 34D, EV 103.1 MPH)
Batting: LHB Tris Chikumbu 0-0: Ball
1-0: Ground out 4-3 (Groundball, 4S, EV 78.8 MPH)
Bottom of the 5th over - 0 runs, 1 hit, 0 errors, 1 left on base; Baltimore 0 - Los Angeles 0
TOP OF THE 6TH
Baltimore Bulldogs batting - Pitching for Los Angeles Dinos : RHP Conner Flowers
Batting: RHB Stephen Cuff 0-0: Ball
1-0: Foul Ball, location: 2F
1-1: Ground out 5-3 (Groundball, 56, EV 81.9 MPH)
Batting: RHB James Hylton 0-0: Ball
1-0: SINGLE (Line Drive, 89M, EV 103.1 MPH)
Batting: RHB Joseph Olsen 0-0: Ball
1-0: Called Strike
James Hylton steals 2nd, throwing error, E2
James Hylton to third
1-1: Foul Ball, location: 2F
1-2: Strikes out looking
Batting: LHB Justin Castiglioni 0-0: Called Strike
0-1: Ball
1-1: Ball
2-1: Hit by Pitch
Pinch Runner at 1st Kentrellis Donciu:
Batting: SHB Val Schmit 0-0: Called Strike
0-1: Called Strike
0-2: Hit by Pitch
Kentrellis Donciu to second
Batting: LHB Andy Wulfeck 0-0: Called Strike
0-1: Called Strike
0-2: Strikes out looking and he ARGUES THE CALL AND IS TOSSED!
Top of the 6th over - 0 runs, 1 hit, 1 error, 3 left on base; Baltimore 0 - Los Angeles 0
BOTTOM OF THE 6TH
Los Angeles Dinos batting - Pitching for Baltimore Bulldogs : LHP B.J. Armour
Now at 1B: Owen Keimig
Now at 2B: Peter Clothier
Now in LF: Shan Waseem
Now in RF: Ulisses Schnopp
Batting: RHB Vince Cox 0-0: Ball
1-0: Called Strike
1-1: Called Strike
1-2: Ball
2-2: Foul Ball, location: 2F
2-2: Ball
3-2: Strikes out swinging
Batting: RHB Wyatt Steinauer 0-0: Swinging Strike
0-1: Ball
1-1: Ground out 5-3 (Groundball, 56, EV 78.8 MPH)
Batting: RHB Derick Murphy 0-0: Ball
1-0: SINGLE (Line Drive, 78S, EV 91.9 MPH)
Batting: RHB Jahmel Ortiz 0-0: Ground out 4-3 (Groundball, 13, EV 81.2 MPH)
Bottom of the 6th over - 0 runs, 1 hit, 0 errors, 1 left on base; Baltimore 0 - Los Angeles 0
TOP OF THE 7TH
Baltimore Bulldogs batting - Pitching for Los Angeles Dinos : RHP Conner Flowers
Batting: LHB Owen Keimig 0-0: Swinging Strike
0-1: SINGLE (Line Drive, 7S, EV 105.6 MPH)
Pitching: RHP Drake Frykman
Batting: RHB Kyle Dodiry 0-0: Ball
1-0: Ball
2-0: Ball
3-0: Called Strike
3-1: Foul Ball, location: 2F
3-2: Foul Ball, location: 2F
3-2: Strikes out swinging
Batting: LHB Shan Waseem 0-0: Called Strike
0-1: Foul Ball, location: 2F
0-2: Strikes out swinging
Batting: RHB Stephen Cuff 0-0: Called Strike
0-1: Fielders Choice at 2nd, 6-4 (Groundball, 56D, EV 81.9 MPH)
Top of the 7th over - 0 runs, 1 hit, 0 errors, 1 left on base; Baltimore 0 - Los Angeles 0
BOTTOM OF THE 7TH
Los Angeles Dinos batting - Pitching for Baltimore Bulldogs : LHP B.J. Armour
Pitching: RHP Devon Goldsmith
Batting: LHB Shawn Hickey 0-0: Called Strike
0-1: Foul Ball, location: 2F
0-2: Ball
1-2: Foul Ball, location: 2F
1-2: Foul Ball, location: 2F
1-2: Ball
2-2: Strikes out swinging
Batting: RHB Efren Zamora 0-0: Swinging Strike
0-1: Ball
1-1: SINGLE (Line Drive, 8RS, EV 107.5 MPH)
Batting: RHB Andy Dillon 0-0: Ball
1-0: Ball
2-0: Called Strike
2-1: Ball
Efren Zamora steals 2nd base
3-1: Intentional Walk
Batting: RHB Rob Detling 0-0: Ball
1-0: Ball
2-0: Called Strike
2-1: Foul Ball, location: 2F
2-2: Ball
3-2: Fly out, F8 (Flyball, 78S, EV 83.1 MPH)
Batting: LHB Tris Chikumbu 0-0: Ball
1-0: Ball
2-0: Foul Ball, location: 2F
2-1: Swinging Strike
2-2: Fly out, F9 (Flyball, 9D, EV 107.5 MPH)
Bottom of the 7th over - 0 runs, 1 hit, 0 errors, 2 left on base; Baltimore 0 - Los Angeles 0
TOP OF THE 8TH
Baltimore Bulldogs batting - Pitching for Los Angeles Dinos : RHP Drake Frykman
Batting: RHB James Hylton 0-0: Ball
1-0: Ball
2-0: Ball
3-0: Called Strike
3-1: Fly out, F9 (Flyball, 89D, EV 86.9 MPH)
Batting: RHB Joseph Olsen 0-0: Ball
1-0: Called Strike
1-1: Swinging Strike
1-2: Ball
2-2: Foul Ball, location: 2F
2-2: Foul Ball, location: 2F
2-2: Foul Ball, location: 2F
2-2: Foul Ball, location: 2F
2-2: Ball
3-2: Ground out 6-3 (Groundball, 6M, EV 79.4 MPH)
Batting: SHB Ulisses Schnopp 0-0: Ball
1-0: Ball
2-0: Ball
3-0: Called Strike
3-1: Foul Ball, location: 2F
3-2: SINGLE (Groundball, 56S, EV 75.0 MPH) (infield hit)
Batting: SHB Val Schmit 0-0: Called Strike
Ulisses Schnopp steals 2nd base
0-1: Swinging Strike
0-2: Ball
1-2: Foul Ball, location: 2F
1-2: Strikes out swinging
Top of the 8th over - 0 runs, 1 hit, 0 errors, 1 left on base; Baltimore 0 - Los Angeles 0
BOTTOM OF THE 8TH
Los Angeles Dinos batting - Pitching for Baltimore Bulldogs : RHP Devon Goldsmith
Batting: RHB Vince Cox 0-0: Swinging Strike
0-1: Ball
1-1: Ball
2-1: Foul Ball, location: 2F
2-2: Foul Ball, location: 2F
2-2: Ground out 6-3 (Groundball, 6, EV 89.4 MPH)
Batting: RHB Wyatt Steinauer 0-0: Ball
1-0: Ball
2-0: Ball
3-0: Called Strike
3-1: Ground out 4-3 (Groundball, 4, EV 101.9 MPH)
Batting: RHB Derick Murphy 0-0: Ball
1-0: Foul Ball, location: 2F
1-1: Called Strike
1-2: Foul Ball, location: 2F
1-2: Ball
2-2: Foul Ball, location: 2F
2-2: Foul Ball, location: 2F
2-2: SINGLE (Line Drive, 8RS, EV 88.8 MPH)
Pitching: LHP Bryan Crapps
Batting: RHB Jahmel Ortiz 0-0: Foul Ball, location: 2F
0-1: Ground out 6-3 (Groundball, 6S, EV 91.9 MPH)
Bottom of the 8th over - 0 runs, 1 hit, 0 errors, 1 left on base; Baltimore 0 - Los Angeles 0
TOP OF THE 9TH
Baltimore Bulldogs batting - Pitching for Los Angeles Dinos : RHP Drake Frykman
Batting: LHB Peter Clothier 0-0: Foul Ball, location: 2F
0-1: Ball
1-1: Ground out 6-3 (Groundball, 6, EV 84.4 MPH)
Batting: LHB Owen Keimig 0-0: Ball
1-0: Ground out 3-1 (Groundball, 34, EV 99.4 MPH)
Batting: RHB Kyle Dodiry 0-0: Called Strike
0-1: Swinging Strike
0-2: Ball
1-2: Strikes out looking
Top of the 9th over - 0 runs, 0 hits, 0 errors, 0 left on base; Baltimore 0 - Los Angeles 0
BOTTOM OF THE 9TH
Los Angeles Dinos batting - Pitching for Baltimore Bulldogs : LHP Bryan Crapps
Batting: LHB Shawn Hickey 0-0: Foul Ball, location: 2F
0-1: Ball
1-1: Foul Ball, location: 2F
1-2: Foul Ball, location: 2F
1-2: Ball
2-2: SINGLE (Groundball, 6MS, EV 61.9 MPH) (infield hit)
Batting: RHB Efren Zamora 0-0: Ball
1-0: Grounds into double play, 5-4-3 (Groundball, 56, EV 101.2 MPH)
Batting: RHB Andy Dillon 0-0: Called Strike
0-1: Foul Ball, location: 2F
0-2: Ball
1-2: Strikes out swinging
Bottom of the 9th over - 0 runs, 1 hit, 0 errors, 0 left on base; Baltimore 0 - Los Angeles 0
TOP OF THE 10TH
Baltimore Bulldogs batting - Pitching for Los Angeles Dinos : RHP Drake Frykman
Batting: LHB Shan Waseem 0-0: Ball
1-0: Ball
2-0: Ball
3-0: Called Strike
3-1: Swinging Strike
3-2: Fly out, F8 (Flyball, 8LD, EV 97.5 MPH)
Batting: RHB Stephen Cuff 0-0: Hit by Pitch
Batting: RHB James Hylton 0-0: Called Strike
0-1: Ball
1-1: Called Strike
1-2: Foul Ball, location: 2F
1-2: Strikes out swinging
Pitching: RHP Warren Lallier
Batting: RHB Joseph Olsen 0-0: Ball
1-0: Foul Ball, location: 2F
1-1: Foul Ball, location: 2F
1-2: Strikes out looking
Top of the 10th over - 0 runs, 0 hits, 0 errors, 1 left on base; Baltimore 0 - Los Angeles 0
BOTTOM OF THE 10TH
Los Angeles Dinos batting - Pitching for Baltimore Bulldogs : LHP Bryan Crapps
Batting: RHB Rob Detling 0-0: Ball
1-0: Called Strike
1-1: Ball
2-1: Foul Ball, location: 2F
2-2: Strikes out swinging
Batting: LHB Tris Chikumbu 0-0: Ball
1-0: SINGLE (Groundball, 4MD, EV 105.0 MPH)
Batting: RHB Vince Cox 0-0: 2-RUN HOME RUN (Flyball, 7D, EV 99.4 MPH), Distance : 385 ft
Bottom of the 10th over - 2 runs, 2 hits, 0 errors, 0 left on base; Baltimore 0 - Los Angeles 2
Thursday, April 25th , 2024 - OOTP Baseball 23.10 Build 110